 Dungeon Crawl Stone Soup version 0.18-b1-14-g029dad2 (webtiles) character file.

32 RudyRod the Grave Robber (level 3, -5/24 HPs)
             Began as a Demonspawn Necromancer on Apr 30, 2016.
             Killed from afar by Natasha (9 damage)
             ... with a magic dart
             ... on level 2 of the Dungeon.
             The game lasted 00:05:58 (1253 turns).

RudyRod the Grave Robber (Demonspawn Necromancer)   Turns: 1253, Time: 00:05:58

Health: -5/24      AC:  2    Str:  8    XL:     3   Next: 10%
Magic:  2/6        EV: 11    Int: 17    God:
Gold:   129        SH:  3    Dex: 13    Spells: 1 memorised, 6 levels left

rFire  . . .     SeeInvis .     a - +0 club
rCold  . . .     Gourm    .     f - +0 robe
rNeg   . . .     Faith    .     h - +0 buckler
rPois  .         Spirit   .     (helmet restricted)
rElec  .         Dismiss  .     (no cloak)
rCorr  .         Reflect  .     (no gloves)
SustAt .         Harm     .     (no boots)
MR     .....                    (no amulet)
Stlth  ++........               (no ring)
                                (no ring)

@: very slightly contaminated, not resistant to hostile enchantments, unstealthy
A: antennae 1
a: no special abilities


You were on level 2 of the Dungeon.
You were hungry.

You visited 1 branch of the dungeon, and saw 2 of its levels.

You collected 129 gold pieces.

Inventory:

Hand Weapons
 a - a +0 club (weapon)
Armour
 f - a +0 robe (worn)
 h - a +0 buckler (worn)
Scrolls
 d - 2 scrolls of enchant armour {unknown}
 e - a scroll of identify {unknown}
 g - a scroll of recharging {unknown}
Potions
 i - 2 potions of degeneration {unknown}
 k - 2 potions of brilliance {unknown}
 l - a potion of magic {unknown}
Books
 b - a book of Necromancy

   Spells                             Type                      Level
   a - Pain                           Necromancy                   1
   b - Animate Skeleton               Necromancy                   1
   c - Vampiric Draining              Necromancy                   3
   d - Regeneration                   Charms/Necromancy            3
   e - Animate Dead                   Necromancy                   4
   f - Control Undead                 Necromancy                   4
Comestibles
 c - a bread ration
 j - 3 chunks of flesh


   Skills:
 + Level 1.9 Dodging
 + Level 1.8 Stealth
 + Level 0.1 Shields
 + Level 2.5 Spellcasting
 + Level 5.0 Necromancy


You had 6 spell levels left.
You knew the following spells:

 Your Spells              Type           Power        Failure   Level  Hunger
a - Pain                  Necr           ###.         4%          1    #......


Dungeon Overview and Level Annotations

Branches:
Dungeon (2/15)

Altars:

Annotations:
D:2 Natasha


Innate Abilities, Weirdness & Mutations

You have a pair of small antennae on your head.


Message History

Natasha closely misses you.
You closely miss the crimson imp. The crimson imp misses you.
Natasha claws you but does no damage. The crimson imp hits you.
You hit the crimson imp but do no damage.
The crimson imp barely misses you. Natasha misses you.
The crimson imp hits you.
* * * LOW HITPOINT WARNING * * *
The crimson imp barely misses you.
You closely miss the crimson imp. Natasha claws you but does no damage.
The crimson imp closely misses you. The crimson imp hits you.
* * * LOW HITPOINT WARNING * * *
The crimson imp hits you.
* * * LOW HITPOINT WARNING * * *
Natasha misses you.
You hit the crimson imp but do no damage.
The crimson imp hits you.
* * * LOW HITPOINT WARNING * * *
Natasha stares at you and mumbles some strange words.
The magic dart hits you!
You die...

.........# ....#
#......###....#
#.....<.......#
+....(.......# ###
#............# ...#
#............# ...<#
##...#+#..######.....#
#........#5h..†.....#
###.....##@####.....#
#.....##5### ....#
###........# ....
######.#.# ### ...#.#
..####.# #.# .# # .#
##


You could see Natasha and 2 crimson imps.

Vanquished Creatures
  A dart slug (D:1)
  A giant gecko (D:2)
  A giant cockroach (D:1)
  3 goblins (D:1)
  4 hobgoblins (D:1)
  4 kobolds (D:1)
  A quokka (D:2)
  5 bats
  A giant newt (D:1)
  5 rats
26 creatures vanquished.

Notes
Turn   | Place    | Note
--------------------------------------------------------------
     0 | D:1      | RudyRod the Demonspawn Necromancer began the quest for the Orb.
     0 | D:1      | Reached XP level 1. HP: 13/13 MP: 3/3
   305 | D:1      | Gained mutation: You have a pair of small antennae on your head. [demonic ancestry]
   305 | D:1      | Reached XP level 2. HP: 17/19 MP: 1/5
   777 | D:1      | Reached skill level 5 in Necromancy
  1196 | D:2      | Reached XP level 3. HP: 24/24 MP: 4/6
  1237 | D:2      | Noticed Natasha
  1253 | D:2      | Killed from afar by Natasha

Skill      XL: |  1  2 |
---------------+-------+-----
Necromancy     | 5 |  5.0
Dodging        | |  1.9
Stealth        | |  1.8
Shields        | |  0.1
Spellcasting   | |  2.5

Action                   || total
-------------------------++-------
Melee: Unarmed           ||     8
       Club              ||     9
 Cast: Pain              ||    43
  Eat: Chunk             ||     1
Armor: Robe              ||     7
Dodge: Dodged            ||    23
Block: Buckler           ||     3
